 Dungeon Crawl Stone Soup version 0.18-a0-20-gaede791 (webtiles) character file.

520 Hedron the Grappler (level 7, -2/57 HPs)
             Began as a Ghoul Monk on Nov 2, 2015.
             Slain by a troll (8 damage)
             ... on level 5 of the Dungeon.
             The game lasted 00:11:27 (4291 turns).

Hedron the Grappler (Ghoul Monk)                    Turns: 4291, Time: 00:11:28

Health: -2/57      AC:  5    Str: 15    XL:     7   Next: 21%
Magic:  6/6        EV: 13    Int:  8    God:
Gold:   212        SH:  0    Dex: 13    Spells: 0 memorised, 6 levels left

rFire  . . .     SeeInvis .       - Unarmed
rCold  + . .     Clarity  .     a - +1 robe
rNeg   + + +     SustAt   +     (no shield)
rPois  ∞         Gourm    .     (no helmet)
rElec  .         Spirit   .     e - +1 cloak
rCorr  .         Warding  .     (no gloves)
rMut   .         Stasis   .     (no boots)
MR     .....                    (no amulet)
Stlth  ++........               n - ring of sustain attributes
                                g - +3 ring of intelligence

@: rotting, not resistant to hostile enchantments, unstealthy
A: rotting body, claws 1, carnivore 3, cold resistance 1, negative energy
resistance 3, slow regeneration 1, torment resistance, unbreathing
a: no special abilities


You were on level 5 of the Dungeon.
You were not hungry.

You visited 1 branch of the dungeon, and saw 5 of its levels.

You collected 212 gold pieces.

Inventory:

Missiles
 h - 6 curare-tipped needles
Armour
 a - a +1 robe (worn)
 e - a +1 cloak (worn)
Jewellery
 g - a +3 ring of intelligence (left claw)
 i - an uncursed ring of teleportation
 n - a ring of sustain attributes (right claw)
Scrolls
 d - a scroll of teleportation
 f - a scroll of fear
 r - a scroll of remove curse
 s - a scroll of magic mapping
 t - a scroll of identify
Potions
 c - a potion of cancellation
 k - 4 potions of brilliance
 l - 3 potions of curing
 m - a potion of magic
 p - a potion of flight
Comestibles
 b - 4 meat rations
 o - a slice of pizza
 q - a chunk of flesh
 v - a beef jerky


   Skills:
 - Level 3.2 Fighting
 - Level 2.6 Dodging
 - Level 2.1 Stealth
 + Level 9.3 Unarmed Combat


You had 6 spell levels left.
You didn't know any spells.

Dungeon Overview and Level Annotations

Branches:
Dungeon (5/15)             Temple (0/1) D:5

Altars:
Ashenzari
Dithmenos
Trog


Innate Abilities, Weirdness & Mutations

Your body is rotting away.
You thrive on raw meat.
You are immune to poison.
You have sharp fingernails.
You are carnivorous and can eat meat at any time.
Your flesh is cold resistant.
You are immune to negative energy.
You regenerate slowly when monsters are visible.
You are immune to unholy pain and torment.
You can survive without breathing.


Message History

The troll closely misses you.
Drink which item? (? for menu, Esc to quit)
You feel much better. The troll closely misses you. The troll claws you.
The troll claws you.
You claw the troll!
The troll is moderately wounded.
The troll bites you! The troll claws you. The troll completely misses you.
You scratch the troll.
The troll is moderately wounded.
The troll bites you. The troll claws you.
* * * LOW HITPOINT WARNING * * *
The troll misses you.
You scratch the troll.
The troll is moderately wounded.
You claw the troll!
The troll is severely wounded.
The troll misses you. The troll claws you!
* * * LOW HITPOINT WARNING * * *
The troll claws you!
You die...

#...... ..#....
..#.....%...# ...b.#.
............ ....#..
#........... .......
#...........
...%.>.###...........
.......T##.....[.....
#.@............#
#.............#
#......#.##..###
########.###....
#......# . #......#
#...<(.# #.........#
#......####


You could see a troll.

Vanquished Creatures
  A phantom (D:4)
  A giant frog (D:3)
  A hound (D:5)
  A giant frog skeleton (D:4)
  2 iguanas (D:4)
  2 orc priests (D:3)
  2 worker ants (D:4)
  3 adders
  2 oozes
  3 worms
  5 giant geckos
  10 orcs (D:3)
  A ball python (D:4)
  9 bats
  2 giant cockroaches
  7 hobgoblins
  6 jackals
  3 quokkas
  A giant gecko skeleton (D:4)
  A giant newt (D:5)
  8 goblins
  11 kobolds
  9 rats
91 creatures vanquished.

Notes
Turn   | Place    | Note
--------------------------------------------------------------
     0 | D:1      | Hedron the Ghoul Monk began the quest for the Orb.
     0 | D:1      | Reached XP level 1. HP: 19/19 MP: 0/0
   237 | D:1      | Reached XP level 2. HP: 23/25 MP: 1/1
   337 | D:1      | Reached skill level 5 in Unarmed Combat
   551 | D:1      | Reached XP level 3. HP: 29/31 MP: 2/2
  1558 | D:2      | Reached skill level 6 in Unarmed Combat
  1558 | D:2      | Reached XP level 4. HP: 36/38 MP: 3/3
  2823 | D:3      | Noticed a giant frog
  2835 | D:3      | Killed a giant frog
  2835 | D:3      | Reached skill level 7 in Unarmed Combat
  2835 | D:3      | Reached XP level 5. HP: 22/45 MP: 4/4
  3006 | D:3      | Found a bloodstained altar of Trog.
  3286 | D:3      | Reached XP level 6. HP: 51/51 MP: 5/5
  3399 | D:4      | Found a shadowy altar of Dithmenos.
  3435 | D:4      | Reached skill level 8 in Unarmed Combat
  3717 | D:4      | Found a shattered altar of Ashenzari.
  3877 | D:4      | Reached XP level 7. HP: 57/57 MP: 6/6
  3977 | D:4      | Reached skill level 9 in Unarmed Combat
  4261 | D:5      | Entered Level 5 of the Dungeon
  4270 | D:5      | Found a staircase to the Ecumenical Temple.
  4280 | D:5      | Noticed a troll
  4291 | D:5      | Slain by a troll

Vault maps used:
D:1:      dpeg_arrival_three_bigger_balls, st_stairs_13
D:2:      minmay_bad_closet, kennysheep_generic_room_12
D:3:      lemuel_crystal_altar
D:4:      nicolae_dithmenos_shadow_blocks, first_bread, evilmike_ruin_ashenzari
D:5:      tgw_fedhas, minmay_temple_entry_butterflies, serial_shops,
          nicolae_shop_statue_plus, okawaru_altar_gauntlet_db, uniq_pikel,
          uniq_edmund

Action                   |  1- 3 |  4- 6 |  7- 9 || total
-------------------------+-------+-------+-------++-------
Melee: Unarmed           |   107 |   185 |    25 ||   317
  Use: Scroll            |     8 |     9 |     2 ||    19
       Potion            |       |       |     1 ||     1
 Stab: Sleeping          |     7 |     2 |     1 ||    10
       Distracted        |       |     1 |       ||     1
  Eat: Chunk             |     9 |     6 |       ||    15
